 Dungeon Crawl Stone Soup version 0.31-a0-198-g2ad674f65e (webtiles) character file.

Game seed: 16675459350812680909

77 qw the Shooter (level 4, 0/25 HPs)
             Began as a Deep Elf Hunter on June 25, 2023.
             Slain by a goblin
             ... wielding a +0 club
             ... led by Robin
              (2 damage)
             ... on level 2 of the Dungeon.
             The game lasted 00:00:22 (854 turns).

qw the Shooter (Deep Elf Hunter)                     Turns: 854, Time: 00:00:23

Health: 0/25       AC:  5    Str: 10    XL:     4   Next: 13%
Magic:  6/6        EV: 11    Int: 14    God:
Gold:   60         SH:  0    Dex: 18    Spells: 3/3 levels left

rFire   . . .        Y - +0 shortbow
rCold   . . .        (shield currently unavailable)
rNeg    . . .        e - +0 ring mail
rPois   .            (no helmet)
rElec   .            (no cloak)
rCorr   .            (no gloves)
SInv    .            (no boots)
Will    .....        (no amulet)
Stlth   +            (no ring)
HPRegen 0.24/turn    (no ring)
MPRegen 0.10/turn

%: no passive effects
@: no status effects
A: no striking features
a: no special abilities


You were on level 2 of the Dungeon.
You visited 1 branch of the dungeon, and saw 2 of its levels.

You collected 60 gold pieces.


   Skills:
 - Level 1.5 Fighting
 + Level 7.5 Ranged Weapons
 - Level 2.4 Dodging
 - Level 1.2 Stealth


You had 3 spell levels left.
You didn't know any spells.
Your spell library was empty.

Inventory:

Hand Weapons
 Y - a +0 shortbow (weapon)
Armour
 e - a +0 ring mail (worn)
Scrolls
 a - a scroll of identify
Potions
 f - a potion of ambrosia {unknown}

Dungeon Overview and Level Annotations

Branches:
Dungeon (2/15)

Altars:
Qazlal

Annotations:
D:2 Robin


Message History

The goblin shouts!
You shoot an arrow. The arrow hits the bat!
You kill the bat!
The hobgoblin hits the plant!
The plant begins to die.
The goblin closely misses you.
A goblin comes into view.
It is wielding a +1 dagger of electrocution.
The goblin barely misses you.
You shoot an arrow. The arrow hits the quokka.
You kill the quokka!
Robin throws the goblin at you! The goblin completely misses you.
The goblin closely misses you.
You shoot an arrow. The arrow hits the goblin.
You kill the goblin!
The hobgoblin completely misses you. The goblin barely misses you.
The goblin closely misses you. The goblin hits you with a +0 dagger.
The goblin misses you.
The hobgoblin hits you but does no damage.
You shoot an arrow. The arrow hits the goblin!
You kill the goblin!
The goblin hits you but does no damage. The goblin barely misses you.
The hobgoblin hits the plant.
The plant begins to die.
You shoot an arrow. The arrow hits the goblin.
The goblin is moderately wounded.
A nearby plant withers and dies.
The goblin hits you with a +0 club. The goblin hits you but does no damage.
The hobgoblin hits you. The goblin closely misses you.
You shoot an arrow. The arrow closely misses the goblin.
The arrow hits the hobgoblin.
The hobgoblin is moderately wounded.
The goblin closely misses you. The hobgoblin hits you.
The goblin hits you with a +0 dagger. The goblin hits you with a +0 club.
You shoot an arrow. The arrow hits the goblin!
You kill the goblin!
Robin roars a battlecry!
The goblin goes into a battle-frenzy!
The goblin hits you but does no damage. x2
You shoot an arrow. The arrow hits the hobgoblin.
You kill the hobgoblin!
The goblin hits you but does no damage. The goblin hits you with a +0 club.
You die...

#.# ##. #.#
.....##.###
#........#
########.# #.#
7)## 77g# 7@7
7ggg...P.!
P.gg#...#.P
7...........
7...#.. _...#
7.......$....
..7)..#. .#..
7......7.7...8


You could see Robin, 2 hobgoblins and 3 goblins.

Vanquished Creatures
  3 gnolls
  An adder (D:2)
  A dart slug (D:1)
  A ball python (D:1)
  5 bats
  7 goblins
  2 hobgoblins
  6 jackals (D:1)
  A kobold (D:2)
  3 quokkas
  A frilled lizard (D:1)
  4 rats
35 creatures vanquished.

Notes
Turn   | Place    | Note
-------+----------+-------------------------------------------
     0 | D:1      | qw the Deep Elf Hunter began the quest for the Orb.
     0 | D:1      | Reached XP level 1. HP: 12/12 MP: 3/3
     0 | D:1      | 0 ||| qw: Version: 0.3-a-22-g0ed2b0b
     0 | D:1      | 0 ||| qw: Game counter: 4906
     0 | D:1      | 0 ||| qw: Melee chars always use a shield: true
     0 | D:1      | 0 ||| qw: God list: Okawaru
     0 | D:1      | 0 ||| qw: Allow faded altars: false
     0 | D:1      | 0 ||| qw: Do Orc after clearing Dungeon:15 true
     0 | D:1      | 0 ||| qw: Do second Lair branch before Depths: true
     0 | D:1      | 0 ||| qw: Lair rune preference: random
     0 | D:1      | 0 ||| qw: Goals: Normal
     0 | D:1      | 0 ||| PLANNING D:1-11
   139 | D:1      | 139 ||| READING scroll labelled QESTRU ZENOAVEM.
   145 | D:1      | 145 ||| DROPPING scroll of butterflies.
   188 | D:1      | Reached skill level 6 in Ranged Weapons
   188 | D:1      | Reached XP level 2. HP: 16/16 MP: 4/4
   659 | D:1      | 659 ||| UPGRADING to +0 ring mail.
   669 | D:1      | 669 ||| DROPPING +0 leather armour.
   670 | D:1      | 670 ||| READING 2 scrolls labelled MURAIX VEKYL.
   671 | D:1      | 671 ||| READING scroll labelled KIGIR WUETITWO.
   672 | D:1      | 672 ||| READING scroll labelled XAFAQI WUIRRI.
   712 | D:2      | Found a stormy altar of Qazlal.
   720 | D:2      | Reached XP level 3. HP: 20/20 MP: 5/5
   728 | D:2      | Reached skill level 7 in Ranged Weapons
   729 | D:2      | 729 ||| FLEEEEING.
   730 | D:2      | 730 ||| FLEEEEING.
   731 | D:2      | 731 ||| FLEEEEING.
   732 | D:2      | 732 ||| FLEEEEING.
   733 | D:2      | 733 ||| FLEEEEING.
   734 | D:2      | 734 ||| FLEEEEING.
   735 | D:2      | 735 ||| FLEEEEING.
   736 | D:2      | 736 ||| FLEEEEING.
   737 | D:2      | 737 ||| FLEEEEING.
   738 | D:2      | 738 ||| STAIRDANCE
   771 | D:2      | 771 ||| STAIRDANCE
   840 | D:2      | Noticed Robin
   842 | D:2      | Reached XP level 4. HP: 25/25 MP: 6/6
   852 | D:2      | HP: 2/25 [goblin/+0 club[Robin] (5)]
   854 | D:2      | Slain by a goblin

Levels and vault maps discovered:
D:1:      minmay_arrival_shattered_statue, layout_loops_cross, serial_glass,
          glass_columns_a, glass_columns_a, glass_columns_a, glass_columns_b,
          glass_columns_a, glass_columns_a
D:2:      wad_woods_stonehenge, layout_loops_ring, basic_altar, uniq_robin

Skill      XL: |  1  2  3 |
---------------+----------+-----
Ranged Weapons | 6 7 |  7.5
Fighting       | |  1.5
Dodging        | |  2.4
Stealth        | |  1.2

Action                     |  1- 3 |  4- 6 || total
---------------------------+-------+-------++-------
   Fire: Shortbow          |    72 |    13 ||    85
    Use: Scroll            |     4 |       ||     4
 Armour: Leather armour    |     6 |       ||     6
         Ring mail         |     6 |    13 ||    19
  Dodge: Dodged            |    21 |    15 ||    36

Table legend:
 A = Non-vault XP
 B = Vault XP
 C = Vault XP percentage of total XP
 D = Non-vault monster count
 E = Vault monster count
 F = Vault count percentage of total count
                 A         B        C        D         E       F
            +---------+---------+-------+---------+---------+-------
      Total |      51 |      61 |  54.5 |      22 |      13 |  37.1
            +---------+---------+-------+---------+---------+-------
        D:1 |      34 |      14 |  29.2 |      18 |       1 |   5.3
        D:2 |      17 |      47 |  73.4 |       4 |      12 |  75.0
            +---------+---------+-------+---------+---------+-------
